AoeStats
← Tellez_1001

Highland

506311237Analyzed
2v2 RM · 18d ago on Sep 13, 2026· 50m 15s· 4 players
Game mode
Random Map
Map size
Medium (4 player)
Population
200
Speed
Normal
Resources
Standard
Victory
Conquest
Starting age
Dark Age
Ending age
Imperial Age
RankedLock teamsTeams togetherTeam positionsShared explorationLock speedFull tech treeHidden civsTurbo modeCheats
Victory
Defeat
🇲🇽 Magyars · Mexico
1245
+15
🇲🇽 Poles · Mexico
1245
+14
🇨🇴 Ethiopians · Colombia
1287
-17
🇨🇴 Mongols · Colombia
1138
-12
Nando0215
3:43 Loom
4:03 Loom
6:13 Loom
9:01 Feudal Age
11:13 Double-Bit Axe
14:14 Town Watch
20:29 Castle Age
19:49 Fletching
21:58 Bow Saw
23:26 Thumb Ring
24:49 Horse Collar
27:24 Crossbowman
28:29 Squires
28:14 Arson
31:09 Padded Archer Armor
31:11 Gold Mining
31:11 Stone Mining
31:56 Scale Mail Armor
31:51 Bodkin Arrow
32:53 Heavy Plow
33:43 Town Patrol
34:18 Wheelbarrow
35:11 Chain Mail Armor
35:07 Forging
38:21 Imperial Age
36:34 Scale Barding Armor
39:01 Iron Casting
39:18 Arbalester
40:36 Bracer
40:52 Leather Archer Armor
42:34 Chemistry
43:52 Ballistics
46:03 Husbandry
48:30 Chain Barding Armor
Tellez_1001
6:42 Loom
9:35 Feudal Age
8:18 Loom
10:25 Double-Bit Axe
11:09 Loom
14:07 Fletching
21:30 Castle Age
20:21 Gold Mining
21:54 Bloodlines
21:50 Scale Barding Armor
22:17 Forging
22:16 Husbandry
22:08 Light Cavalry
23:14 Pikeman
27:17 Iron Casting
28:26 Chain Barding Armor
31:35 Wheelbarrow
31:39 Scale Mail Armor
36:30 Imperial Age
34:46 Chain Mail Armor
34:58 Bow Saw
34:30 Horse Collar
35:26 Gold Shaft Mining
38:52 Hand Cart
38:31 Heavy Camel Rider
39:56 Town Watch
42:18 Blast Furnace
41:48 Plate Mail Armor
41:46 Conscription
42:01 Ballistics
42:04 Pikeman
45:43 Squires
45:29 Arson
49:49 Plate Mail Armor
Torrijos_117
7:47 Loom
10:36 Feudal Age
17:58 Castle Age
19:42 Double-Bit Axe
23:21 Scale Barding Armor
25:13 Fletching
32:04 Bodkin Arrow
35:00 Horse Collar
35:27 Gold Mining
36:29 Heavy Plow
43:03 Imperial Age
41:52 Scale Mail Armor
42:01 Pikeman
42:59 Chain Mail Armor
43:18 Halberdier
44:50 Bracer
44:51 Padded Archer Armor
45:16 Ballistics
47:32 Conscription
47:59 Husbandry
49:02 Bloodlines
joseja.0550
3:30 Loom
10:05 Feudal Age
18:56 Castle Age
18:12 Double-Bit Axe
18:09 Horse Collar
19:39 Wheelbarrow
20:31 Bow Saw
21:20 Heavy Plow
29:19 Imperial Age
27:19 Scale Barding Armor
28:22 Chain Barding Armor
28:13 Forging
29:15 Bloodlines
29:06 Husbandry
28:45 Light Cavalry
29:31 Gold Mining
30:51 Winged Hussar
32:47 Iron Casting
33:40 Crop Rotation
34:01 Lechitic Legacy
Connection lost

Rejoining the realm…

Still unreachable

The connection could not be restored.

Session expired

The server has moved on; the page needs a fresh start.